| TOP OF THE 1ST |
|
Toronto Blue Jays batting - Pitching for Texas Rangers : RHP Lu-shan Zhào
|
|
Pitching: RHP Lu-shan Zhào
|
|
|
Batting: RHB Shigem Kubo
|
0-0: Swinging Strike 0-1: Ball 1-1: Ball 2-1: Ground out 6-3 (Groundball, 6, EV 85.0 MPH)
|
|
Batting: LHB Jon Schick
|
0-0: Ball 1-0: Called Strike 1-1: Ball 2-1: Ball 3-1: Foul Ball, location: 2F 3-2: Base on Balls
|
|
Batting: RHB Ruben Velasco
|
0-0: Called Strike 0-1: Ball 1-1: Ball 2-1: Ball 3-1: Base on Balls Jon Schick to second
|
|
Batting: SHB Zory Larikov
|
0-0: Ball 1-0: Ball 2-0: Foul Ball, location: 2F 2-1: Grounds into double play, 6-4-3 (Groundball, 6, EV 105.6 MPH)
|
| Top of the 1st over - 0 runs, 0 hits, 0 errors, 1 left on base; Toronto 0 - Texas 0 |
| BOTTOM OF THE 1ST |
|
Texas Rangers batting - Pitching for Toronto Blue Jays : LHP Stacy Hootentootin
|
|
Pitching: LHP Stacy Hootentootin
|
|
|
Batting: RHB David Casas
|
0-0: SINGLE (Groundball, 6M, EV 107.5 MPH) (infield hit)
|
|
Batting: SHB John Giesbrecht
|
0-0: Grounds into double play, 6-4-3 (Groundball, 6, EV 88.8 MPH)
|
|
Batting: RHB Bert Clark
|
0-0: Called Strike 0-1: Ball 1-1: Swinging Strike 1-2: Strikes out swinging
|
| Bottom of the 1st over - 0 runs, 1 hit, 0 errors, 0 left on base; Toronto 0 - Texas 0 |
| TOP OF THE 2ND |
|
Toronto Blue Jays batting - Pitching for Texas Rangers : RHP Lu-shan Zhào
|
|
Batting: LHB Gabe White
|
0-0: Ball 1-0: Ball 2-0: Ball 3-0: Base on Balls
|
|
Batting: RHB Adam Burke
|
0-0: Ball 1-0: Swinging Strike 1-1: Ball 2-1: Swinging Strike 2-2: Ball 3-2: Base on Balls Gabe White to second
|
|
Batting: RHB Cole Zelinski
|
0-0: Ball 1-0: Ball 2-0: Fly out, F9 (Flyball, 9S, EV 90.6 MPH)
|
|
Batting: SHB Dylan Novakowski
|
0-0: Ball 1-0: Swinging Strike 1-1: Ball 2-1: Fly out, F8 (Line Drive, 8LD, EV 94.4 MPH) Runner from 2nd tags up, SAFE at 3rd with throw by CF
|
|
Batting: RHB Jerry Jauregui
|
0-0: Called Strike Pickoff Throw to First - Out! 1-3
|
| Top of the 2nd over - 0 runs, 0 hits, 0 errors, 1 left on base; Toronto 0 - Texas 0 |
| BOTTOM OF THE 2ND |
|
Texas Rangers batting - Pitching for Toronto Blue Jays : LHP Stacy Hootentootin
|
|
Batting: RHB Rich Stinson
|
0-0: Ball 1-0: Fly out, F7 (Flyball, 78M, EV 91.2 MPH)
|
|
Batting: RHB Casey Semenza
|
0-0: Ground out 6-3 (Groundball, 6, EV 91.9 MPH)
|
|
Batting: RHB Edwin Madrid
|
0-0: Called Strike 0-1: Foul Ball, location: 2F 0-2: Foul Ball, location: 2F 0-2: Fly out, F7 (Flyball, 7S, EV 90.0 MPH)
|
| Bottom of the 2nd over - 0 runs, 0 hits, 0 errors, 0 left on base; Toronto 0 - Texas 0 |
| TOP OF THE 3RD |
|
Toronto Blue Jays batting - Pitching for Texas Rangers : RHP Lu-shan Zhào
|
|
Batting: RHB Jerry Jauregui
|
0-0: Swinging Strike 0-1: Ball 1-1: Foul Ball, location: 2F 1-2: Strikes out swinging
|
|
Batting: RHB Shigem Kubo
|
0-0: Ball 1-0: Ball 2-0: Called Strike 2-1: Swinging Strike 2-2: Foul Ball, location: 2F 2-2: Ball 3-2: Strikes out looking
|
|
Batting: LHB Jon Schick
|
0-0: Swinging Strike 0-1: Ball 1-1: Called Strike 1-2: Foul Ball, location: 2F 1-2: Ball 2-2: Ball 3-2: SINGLE (Groundball, 4M, EV 106.2 MPH) (infield hit)
|
|
Batting: RHB Ruben Velasco
|
0-0: Called Strike 0-1: Ball 1-1: Foul Ball, location: 2F 1-2: Ball 2-2: Fly out, F4 (Popup, 34, EV 75.0 MPH)
|
| Top of the 3rd over - 0 runs, 1 hit, 0 errors, 1 left on base; Toronto 0 - Texas 0 |
| BOTTOM OF THE 3RD |
|
Texas Rangers batting - Pitching for Toronto Blue Jays : LHP Stacy Hootentootin
|
|
Batting: LHB Cody Schumacher
|
0-0: Ball 1-0: Ground out 4-3 (Groundball, 4, EV 84.4 MPH)
|
|
Batting: LHB Johan de Vries
|
0-0: Ball 1-0: Called Strike 1-1: Called Strike 1-2: Fly out, F4 (Flyball, 34D, EV 86.9 MPH)
|
|
Batting: RHB Alex Sandoval
|
0-0: Ball 1-0: Swinging Strike 1-1: Ball 2-1: Foul Ball, location: 2F 2-2: Ball 3-2: SINGLE (Groundball, 4M, EV 106.9 MPH) (infield hit)
|
|
Batting: RHB David Casas
|
0-0: Ball 1-0: Foul Ball, location: 2F 1-1: Swinging Strike 1-2: Foul Ball, location: 2F 1-2: Ball Alex Sandoval steals 2nd base 2-2: Strikes out swinging
|
| Bottom of the 3rd over - 0 runs, 1 hit, 0 errors, 1 left on base; Toronto 0 - Texas 0 |
| TOP OF THE 4TH |
|
Toronto Blue Jays batting - Pitching for Texas Rangers : RHP Lu-shan Zhào
|
|
Batting: SHB Zory Larikov
|
0-0: Ball 1-0: Called Strike 1-1: SINGLE (Groundball, 6M, EV 108.8 MPH) (infield hit)
|
|
Batting: LHB Gabe White
|
0-0: Called Strike 0-1: Swinging Strike 0-2: Ball 1-2: Ball 2-2: Ball 3-2: Base on Balls Zory Larikov to second
|
|
Batting: RHB Adam Burke
|
0-0: Called Strike Zory Larikov steals 3rd base Gabe White to second 0-1: Swinging Strike 0-2: Ball 1-2: Foul Ball, location: 2F 1-2: Foul Ball, location: 2F 1-2: Strikes out swinging
|
|
Batting: RHB Cole Zelinski
|
0-0: Foul Ball, location: 2F 0-1: Ball 1-1: Swinging Strike 1-2: Ball 2-2: Ball 3-2: Base on Balls
|
|
Batting: SHB Dylan Novakowski
|
0-0: Ball 1-0: Grounds into double play, 4-6-3 (Groundball, 4, EV 108.1 MPH)
|
| Top of the 4th over - 0 runs, 1 hit, 0 errors, 2 left on base; Toronto 0 - Texas 0 |
| BOTTOM OF THE 4TH |
|
Texas Rangers batting - Pitching for Toronto Blue Jays : LHP Stacy Hootentootin
|
|
Batting: SHB John Giesbrecht
|
0-0: Ball 1-0: Ball 2-0: Called Strike 2-1: Swinging Strike 2-2: Ground out 6-3 (Groundball, 6, EV 82.5 MPH)
|
|
Batting: RHB Bert Clark
|
0-0: Foul Ball, location: 2F 0-1: Ball 1-1: Ball 2-1: Ball 3-1: Ground out 5-3 (Groundball, 56, EV 81.2 MPH)
|
|
Batting: RHB Rich Stinson
|
0-0: Foul Ball, location: 2F 0-1: Ball 1-1: Fly out, F8 (Flyball, 8LM, EV 76.2 MPH)
|
| Bottom of the 4th over - 0 runs, 0 hits, 0 errors, 0 left on base; Toronto 0 - Texas 0 |
| TOP OF THE 5TH |
|
Toronto Blue Jays batting - Pitching for Texas Rangers : RHP Lu-shan Zhào
|
|
Batting: RHB Jerry Jauregui
|
0-0: Called Strike 0-1: Ball 1-1: SINGLE (Groundball, 6MD, EV 107.5 MPH)
|
|
Batting: RHB Shigem Kubo
|
0-0: Ball 1-0: Ball 2-0: Ball 3-0: Called Strike 3-1: Base on Balls Jerry Jauregui to second
|
|
Batting: LHB Jon Schick
|
0-0: Called Strike 0-1: Foul Ball, location: 2F 0-2: Ball 1-2: Ball 2-2: Ball 3-2: Foul Ball, location: 2F 3-2: Foul Ball, location: 2F 3-2: Foul Ball, location: 2F 3-2: Fielders Choice at 2nd, 4-6 (Groundball, 4, EV 90.0 MPH) Jerry Jauregui to third
|
|
Pitching: RHP Nate Burnett
|
|
|
Batting: RHB Ruben Velasco
|
0-0: Ball 1-0: Ball 2-0: Foul Ball, location: 2F 2-1: Ball 3-1: Fly out, F9 (Flyball, 9D, EV 96.2 MPH) Runner from 3rd tags up, OUT at HOME! 9-2
|
| Top of the 5th over - 0 runs, 1 hit, 0 errors, 1 left on base; Toronto 0 - Texas 0 |
| BOTTOM OF THE 5TH |
|
Texas Rangers batting - Pitching for Toronto Blue Jays : LHP Stacy Hootentootin
|
|
Batting: RHB Casey Semenza
|
0-0: Called Strike 0-1: Ground out 6-3 (Groundball, 6, EV 106.9 MPH)
|
|
Batting: RHB Edwin Madrid
|
0-0: Ball 1-0: Ground out U3 (Groundball, 34, EV 90.6 MPH)
|
|
Batting: LHB Cody Schumacher
|
0-0: Fly out, F9 (Flyball, 9D, EV 90.0 MPH)
|
| Bottom of the 5th over - 0 runs, 0 hits, 0 errors, 0 left on base; Toronto 0 - Texas 0 |
| TOP OF THE 6TH |
|
Toronto Blue Jays batting - Pitching for Texas Rangers : RHP Nate Burnett
|
|
Batting: SHB Zory Larikov
|
0-0: Called Strike 0-1: Called Strike 0-2: Fly out, F9 (Flyball, 9D, EV 107.5 MPH)
|
|
Batting: LHB Gabe White
|
0-0: Ball 1-0: Called Strike 1-1: SINGLE (Flyball, 8RS, EV 92.5 MPH)
|
|
Batting: RHB Adam Burke
|
0-0: Swinging Strike 0-1: Called Strike 0-2: Ball 1-2: Ball 2-2: Ball 3-2: Base on Balls Gabe White to second
|
|
Batting: RHB Cole Zelinski
|
0-0: Foul Ball, location: 2F 0-1: Called Strike 0-2: Foul Ball, location: 2F 0-2: Ball 1-2: Fly out, F9 (Flyball, 89D, EV 85.6 MPH) Runner from 2nd tags up, SAFE at 3rd, no throw by RF
|
|
Batting: SHB Dylan Novakowski
|
0-0: Ball 1-0: Ball 2-0: Swinging Strike 2-1: Ball 3-1: Swinging Strike 3-2: Base on Balls Adam Burke to second
|
|
Batting: RHB Jerry Jauregui
|
0-0: Ball 1-0: Ground out 1-3 (Groundball, 13S, EV 75.0 MPH)
|
| Top of the 6th over - 0 runs, 1 hit, 0 errors, 3 left on base; Toronto 0 - Texas 0 |
| BOTTOM OF THE 6TH |
|
Texas Rangers batting - Pitching for Toronto Blue Jays : LHP Stacy Hootentootin
|
|
Batting: LHB Johan de Vries
|
0-0: Foul Ball, location: 2F 0-1: Fly out, F8 (Flyball, 8LXD, EV 109.4 MPH)
|
|
Batting: RHB Alex Sandoval
|
0-0: Called Strike 0-1: Foul Ball, location: 2F 0-2: Ball 1-2: Ball 2-2: Strikes out swinging
|
|
Batting: RHB David Casas
|
0-0: Ball 1-0: Foul Ball, location: 2F 1-1: Ball 2-1: SINGLE (Line Drive, 3D, EV 98.8 MPH)
|
|
Batting: SHB John Giesbrecht
|
0-0: Ball 1-0: Ball 2-0: Called Strike 2-1: SINGLE (Groundball, 56D, EV 106.2 MPH) David Casas to second
|
|
Batting: RHB Bert Clark
|
0-0: Ball 1-0: Called Strike 1-1: Ball 2-1: Fielders Choice at 2nd, 6-4 (Groundball, 6, EV 79.4 MPH)
|
| Bottom of the 6th over - 0 runs, 2 hits, 0 errors, 2 left on base; Toronto 0 - Texas 0 |
| TOP OF THE 7TH |
|
Toronto Blue Jays batting - Pitching for Texas Rangers : RHP Nate Burnett
|
|
Pitching: RHP Danny Walker
|
|
|
Batting: RHB Shigem Kubo
|
0-0: SINGLE (Groundball, 6D, EV 95.0 MPH)
|
|
Batting: LHB Jon Schick
|
0-0: Bunted foul 0-1: Sac Bunt to 13S - play at first, batter OUT! 1-4 Shigem Kubo to second
|
|
Batting: RHB Ruben Velasco
|
0-0: Ball 1-0: Ball 2-0: Ball 3-0: Called Strike 3-1: Called Strike 3-2: Base on Balls
|
|
Batting: SHB Zory Larikov
|
0-0: Called Strike Shigem Kubo steals 3rd base Ruben Velasco to second 0-1: Called Strike 0-2: Ball 1-2: Ball 2-2: Ball 3-2: Ground out 3-1 (Groundball, 34S, EV 81.9 MPH)
|
|
Batting: LHB Gabe White
|
0-0: Swinging Strike 0-1: DOUBLE (Line Drive, 78XD, EV 107.5 MPH) Shigem Kubo scores Ruben Velasco scores
|
|
Pitching: RHP Troy Baker
|
|
|
Batting: RHB Adam Burke
|
0-0: Ball 1-0: Swinging Strike 1-1: Called Strike 1-2: Ball 2-2: Strikes out swinging
|
| Top of the 7th over - 2 runs, 2 hits, 0 errors, 1 left on base; Toronto 2 - Texas 0 |
| BOTTOM OF THE 7TH |
|
Texas Rangers batting - Pitching for Toronto Blue Jays : LHP Stacy Hootentootin
|
|
Batting: RHB Rich Stinson
|
0-0: Called Strike 0-1: Ball 1-1: Ball 2-1: Fly out, F8 (Flyball, 89M, EV 89.4 MPH)
|
|
Batting: RHB Casey Semenza
|
0-0: Ball 1-0: Ball 2-0: Ball 3-0: Foul Ball, location: 2F 3-1: Ground out 6-3 (Groundball, 6, EV 86.2 MPH)
|
|
Batting: RHB Edwin Madrid
|
0-0: Ball 1-0: Called Strike 1-1: Fly out, F7 (Flyball, 78M, EV 88.1 MPH)
|
| Bottom of the 7th over - 0 runs, 0 hits, 0 errors, 0 left on base; Toronto 2 - Texas 0 |
| TOP OF THE 8TH |
|
Toronto Blue Jays batting - Pitching for Texas Rangers : RHP Troy Baker
|
|
Batting: RHB Cole Zelinski
|
0-0: Ball 1-0: Ball 2-0: Ground out 5-3 (Groundball, 56S, EV 90.6 MPH)
|
|
Batting: SHB Dylan Novakowski
|
0-0: Ball 1-0: Ball 2-0: Ball 3-0: Called Strike 3-1: SINGLE (Groundball, 6MD, EV 99.4 MPH)
|
|
Batting: RHB Jerry Jauregui
|
0-0: Ball Dylan Novakowski is caught stealing 2nd base 2-4 1-0: Ball 2-0: SINGLE (Groundball, 6D, EV 95.6 MPH)
|
|
Batting: RHB Shigem Kubo
|
0-0: Fielders Choice at 2nd, 5-4 (Groundball, 5, EV 104.4 MPH)
|
| Top of the 8th over - 0 runs, 2 hits, 0 errors, 1 left on base; Toronto 2 - Texas 0 |
| BOTTOM OF THE 8TH |
|
Texas Rangers batting - Pitching for Toronto Blue Jays : LHP Stacy Hootentootin
|
|
Batting: LHB Cody Schumacher
|
0-0: Called Strike 0-1: Ground out 3-1 (Groundball, 34, EV 88.1 MPH)
|
|
Batting: LHB Johan de Vries
|
0-0: Called Strike 0-1: Ball 1-1: Swinging Strike 1-2: Ball 2-2: Strikes out swinging, 2-3 out at first.
|
|
Batting: RHB Alex Sandoval
|
0-0: Ball 1-0: Ball 2-0: Called Strike 2-1: Ball 3-1: Swinging Strike 3-2: Base on Balls
|
|
Batting: RHB David Casas
|
0-0: Ball Pickoff Throw to First - Error! E1 Alex Sandoval to second 1-0: Swinging Strike 1-1: Fly out, F9 (Flyball, 9S, EV 88.1 MPH)
|
| Bottom of the 8th over - 0 runs, 0 hits, 1 error, 1 left on base; Toronto 2 - Texas 0 |
| TOP OF THE 9TH |
|
Toronto Blue Jays batting - Pitching for Texas Rangers : RHP Troy Baker
|
|
Pitching: RHP Kyle Curve
|
|
|
Batting: LHB Jon Schick
|
0-0: Ball 1-0: Ball 2-0: Foul Ball, location: 2F 2-1: Ball 3-1: Base on Balls
|
|
Batting: RHB Ruben Velasco
|
0-0: Ball Jon Schick steals 2nd, throwing error, E2 Jon Schick to third 1-0: Fly out, F8 (Flyball, 8LM, EV 89.4 MPH)
|
|
Batting: SHB Zory Larikov
|
0-0: Ball 1-0: Swinging Strike 1-1: Foul Ball, location: 2F 1-2: Ball 2-2: Strikes out swinging
|
|
Batting: LHB Gabe White
|
0-0: Called Strike 0-1: Foul Ball, location: 2F 0-2: Strikes out swinging
|
| Top of the 9th over - 0 runs, 0 hits, 1 error, 1 left on base; Toronto 2 - Texas 0 |
| BOTTOM OF THE 9TH |
|
Texas Rangers batting - Pitching for Toronto Blue Jays : LHP Stacy Hootentootin
|
|
Pitching: LHP Tim Franco
|
|
|
Batting: SHB John Giesbrecht
|
0-0: Ball 1-0: Ground out U3 (Groundball, 13, EV 88.1 MPH)
|
|
Batting: RHB Bert Clark
|
0-0: Swinging Strike 0-1: Ball 1-1: Swinging Strike 1-2: Fly out, F8 (Flyball, 78XD, EV 99.4 MPH)
|
|
Batting: RHB Rich Stinson
|
0-0: Ball 1-0: Called Strike 1-1: Ball 2-1: Ground out 5-3 (Groundball, 5L, EV 86.9 MPH)
|
| Bottom of the 9th over - 0 runs, 0 hits, 0 errors, 0 left on base; Toronto 2 - Texas 0 |
|